 Dungeon Crawl Stone Soup version 0.31-a0-574-g69dc8cc98e (webtiles) character file.

Game seed: 15661848460156098413

626 NinjaNoafa the Ruffian (level 7, -2/53 HPs)
             Began as a Gnoll Shapeshifter on Aug 18, 2023.
             Killed by divine providence
             ... invoked by an orc priest
              (16 damage)
             ... on level 5 of the Dungeon.
             The game lasted 00:05:28 (3390 turns).

NinjaNoafa the Ruffian (Gnoll Shapeshifter)         Turns: 3390, Time: 00:05:28

Health: -2/53      AC:  5    Str: 14    XL:     7   Next: 47%
Magic:  10/10      EV: 14    Int:  9    God:
Gold:   173        SH:  5    Dex: 19    Spells: 11/11 levels left

rFire   + .          .
                       - Unarmed
rCold   . . .        (shield currently unavailable)
rNeg    . . .        t - +0 leather armour
rPois   .            (no helmet)
rElec   .            l - +0 cloak
rCorr   .            (no gloves)
SInv    .            a - +0 pair of boots
Will    .....        g - amulet of reflection
Stlth   +            k - +6 ring of dexterity
HPRegen 0.28/turn    i - ring of protection from fire
MPRegen 0.12/turn

%: reflection
@: flux-form, glowing
A: glow, contaminating, fangs 1, strong nose, distributed training
a: Begin Untransformation


You were on level 5 of the Dungeon.
You were something dangerously unstable.
You visited 1 branch of the dungeon, and saw 5 of its levels.

You collected 173 gold pieces.

Inventory:

Missiles
 e - 6 curare-tipped darts
 r - 2 poisoned darts
Armour
 a - a +0 pair of boots (worn)
 l - a +0 cloak (worn)
 t - a +0 leather armour (worn)
Jewellery
 g - an amulet of reflection (around neck)
 i - a ring of protection from fire (right hand)
 k - a +6 ring of dexterity (left hand)
Talismans
 c - a beast talisman
 d - a flux talisman (active)
Wands
 w - a wand of roots (4)
Scrolls
 h - a scroll of summoning {unknown}
 m - a scroll of identify {unknown}
 n - 4 scrolls of revelation
 p - a scroll of enchant armour {unknown}
 q - 3 scrolls of teleportation {unknown}
 s - a scroll of poison {unknown}
 u - a scroll of torment {unknown}
 x - a scroll of vulnerability {unknown}
 y - a scroll of enchant weapon {unknown}
Potions
 b - a potion of lignification
 f - 3 potions of heal wounds
 j - a potion of mutation {unknown}
 o - a potion of curing {unknown}
 v - 2 potions of enlightenment {unknown}
 z - a potion of attraction {unknown}
 A - a potion of magic {unknown}
 B - 2 potions of brilliance {unknown}


   Skills:
 + Level 3.7 Fighting
 + Level 2.5 Short Blades
 + Level 2.5 Long Blades
 + Level 2.5 Axes
 + Level 2.5 Maces & Flails
 + Level 2.5 Polearms
 + Level 2.5 Staves
 + Level 2.5 Ranged Weapons
 + Level 2.5 Throwing
 + Level 2.5 Armour
 + Level 5.3 Dodging
 + Level 2.5 Stealth
 + Level 2.5 Shields
 + Level 7.1 Unarmed Combat
 + Level 2.5 Spellcasting
 + Level 2.1 Conjurations
 + Level 2.1 Hexes
 + Level 2.1 Summonings
 + Level 2.1 Necromancy
 + Level 2.1 Translocations
 + Level 2.1 Transmutations
 + Level 2.1 Fire Magic
 + Level 2.1 Ice Magic
 + Level 2.1 Air Magic
 + Level 2.1 Earth Magic
 + Level 2.1 Poison Magic
 + Level 2.8 Invocations
 + Level 2.5 Evocations
 + Level 6.9 Shapeshifting


You had 11 spell levels left.
You didn't know any spells.
Your spell library contained the following spells:

 Spells                   Type           Power      Damage    Failure   Level
 Freeze                   Ice            16%        1d4       16%         1
 Wereblood                Tmut           4%         N/A       24%         2
 Frozen Ramparts          Ice            8%         1d2       43%         3
 Hailstorm                Conj/Ice       4%         3d4       43%         3
 Irradiate                Conj/Tmut      2%         3d12      99%         5


Dungeon Overview and Level Annotations

Branches:
Dungeon (5/15) Zot: 26642
 Temple: D:4-7

Altars:
Cheibriados
Yredelemnul


Innate Abilities, Weirdness & Mutations

You are something dangerously unstable.
You glow with magical radiation, making you easy to see and hit.
Foes you strike become dangerously contaminated with magical radiation.
You are incapable of wielding weapons or throwing items.
You have very sharp teeth.
Your uncanny sense of smell can sniff out nearby items.
Your experience applies equally to all skills.


Message History

Press: ? - help, Shift-Dir - straight line The roots erupt in riotous growth!
Roots grab the orc.
Roots grab the scorpion.
Roots grab the orc wizard.
The grasping roots constrict the scorpion.
The grasping roots constrict the orc, but do no damage.
The grasping roots constrict the orc wizard.
You feel sick.
You are no longer poisoned.
The scorpion stings you.
* * * LOW HITPOINT WARNING * * *
The orc struggles to escape constriction.
The scorpion closely misses you.
You take 5 damage, and have 19/52 hp.
Unknown command.
Unknown command.
You hit the scorpion but do no damage.
The scorpion shudders as magic cascades through it!
You kill the scorpion!
The grasping roots constrict the orc.
The grasping roots constrict the orc wizard.
The roots release their grip on the orc wizard.
The orc escapes!
The orc wizard points at you and mumbles some strange words.
The magic dart hits you.
* * * LOW HITPOINT WARNING * * *
You take 4 damage, and have 15/53 hp.
Unknown command.
Unknown command.
You closely miss the orc.
The orc priest stops glowing.
You block the orc's attack.
You miss the orc wizard. The orc hits you with a +0 club.
* * * LOW HITPOINT WARNING * * *
You take 2 damage, and have 14/53 hp.
Unknown command.
Unknown command.
You hit the orc.
You kill the orc!
The orc priest invokes the aid of Beogh against you.
Beogh smites you!
You die...

#######..####### *,,,,,,,
######.........####,,,,,,,
######<............,,,,,,,
######..........###,,,,,,,
######............#****,,,
######...........##,,,**,*
######.........>##,,,,,***
#.......#.###,,,,,,,*,
#....B)##...*,,,,,,,*,
######oo#####,,,,,,,*,
#..#**,**,,,,,***
#.)#,,,***,,,** *
******##..,***,**+*****
*,,,,,,)...* *,,,,,,,,,
*,,,,,,....#**,,,,,,,,,
*,,,,>.....#,,,,,,,,,,,
*,,,,,......,,,**+*****


You could see an orc priest (misshapen) and an orc wizard.

Vanquished Creatures
  A hornet (D:4)
  A scorpion (D:5)
  A hound (D:4)
  2 orc priests (D:4)
  An iguana (D:4)
  A sleepcap (D:3)
  2 orc wizards
  4 adders
  4 gnolls (D:4)
  2 worms (D:3)
  A dart slug (D:2)
  6 orcs
  4 bats
  8 endoplasms
  5 giant cockroaches
  3 goblins
  10 hobgoblins
  8 jackals
  8 kobolds
  4 quokkas
  5 ball pythons
  2 frilled lizards
  4 rats
87 creatures vanquished.

Notes
Turn   | Place    | Note
-------+----------+-------------------------------------------
     0 | D:1      | NinjaNoafa the Gnoll Shapeshifter began the quest for the
                  | Orb.
     0 | D:1      | Reached XP level 1. HP: 17/17 MP: 1/1
   263 | D:1      | Reached XP level 2. HP: 23/23 MP: 2/2
   767 | D:2      | Reached XP level 3. HP: 28/28 MP: 3/3
   961 | D:2      | Reached skill level 1 in Invocations
  1289 | D:2      | Reached skill level 1 in Short Blades
  1289 | D:2      | Reached skill level 1 in Long Blades
  1289 | D:2      | Reached skill level 1 in Axes
  1289 | D:2      | Reached skill level 1 in Maces & Flails
  1289 | D:2      | Reached skill level 1 in Polearms
  1289 | D:2      | Reached skill level 1 in Staves
  1289 | D:2      | Reached skill level 1 in Ranged Weapons
  1289 | D:2      | Reached skill level 1 in Throwing
  1289 | D:2      | Reached skill level 1 in Armour
  1289 | D:2      | Reached skill level 1 in Stealth
  1289 | D:2      | Reached skill level 1 in Shields
  1289 | D:2      | Reached skill level 1 in Spellcasting
  1289 | D:2      | Reached skill level 1 in Evocations
  1709 | D:3      | Reached XP level 4. HP: 27/34 MP: 5/5
  1820 | D:3      | Reached skill level 1 in Conjurations
  1820 | D:3      | Reached skill level 1 in Hexes
  1820 | D:3      | Reached skill level 1 in Summonings
  1820 | D:3      | Reached skill level 1 in Necromancy
  1820 | D:3      | Reached skill level 1 in Translocations
  1820 | D:3      | Reached skill level 1 in Transmutations
  1820 | D:3      | Reached skill level 1 in Fire Magic
  1820 | D:3      | Reached skill level 1 in Ice Magic
  1820 | D:3      | Reached skill level 1 in Air Magic
  1820 | D:3      | Reached skill level 1 in Earth Magic
  1820 | D:3      | Reached skill level 1 in Poison Magic
  1988 | D:3      | Found a snail-covered altar of Cheibriados.
  1988 | D:3      | Found a basalt altar of Yredelemnul.
  2218 | D:4      | Reached XP level 5. HP: 34/40 MP: 5/7
  2396 | D:4      | Reached XP level 6. HP: 47/47 MP: 8/8
  2447 | D:4      | Noticed a hornet
  2449 | D:4      | Paralysed by a hornet for 3 turns
  2459 | D:4      | Killed a hornet
  2460 | D:4      | Reached skill level 5 in Dodging
  2460 | D:4      | Reached XP level 7. HP: 30/52 MP: 8/10
  2558 | D:4      | Reached skill level 7 in Unarmed Combat
  3354 | D:5      | Entered Level 5 of the Dungeon
  3390 | D:5      | Killed from afar by an orc priest

Illustrated notes

Levels and vault maps discovered:
D:1:      matt_arrival_spirals, layout_loops_cross
D:2:      layout_loops_cross
D:3:      layout_basic, mainiacjoe_overflow_divided_tiny, minmay_misc_feat_rows
D:4:      layout_basic
D:5:      kennysheep_six_static_rooms, layout_rooms,
          lightli_ossuary_entry_decrepit_ruins

Skill      XL: |  1  2  3  4  5  6  7 |
---------------+----------------------+-----
Invocations    | 1 2 |  2.8
Short Blades   | 1 2 |  2.5
Long Blades    | 1 2 |  2.5
Axes           | 1 2 |  2.5
Maces & Flails | 1 2 |  2.5
Polearms       | 1 2 |  2.5
Staves         | 1 2 |  2.5
Ranged Weapons | 1 2 |  2.5
Throwing       | 1 2 |  2.5
Armour         | 1 2 |  2.5
Stealth        | 1 2 |  2.5
Shields        | 1 2 |  2.5
Spellcasting   | 1 2 |  2.5
Evocations     | 1 2 |  2.5
Conjurations   | 1 2 |  2.1
Hexes          | 1 2 |  2.1
Summonings     | 1 2 |  2.1
Necromancy     | 1 2 |  2.1
Translocations | 1 2 |  2.1
Transmutations | 1 2 |  2.1
Fire Magic     | 1 2 |  2.1
Ice Magic      | 1 2 |  2.1
Air Magic      | 1 2 |  2.1
Earth Magic    | 1 2 |  2.1
Poison Magic   | 1 2 |  2.1
Fighting       | 3 |  3.7
Dodging        | 5 |  5.3
Unarmed Combat | 7 |  7.1
Shapeshifting  | |  6.9

Action                     |  1- 3 |  4- 6 |  7- 9 || total
---------------------------+-------+-------+-------++-------
  Melee: Unarmed           |   130 |    90 |    70 ||   290
         Bite              |     7 |     7 |     6 ||    20
         Punch             |       |     1 |       ||     1
  Evoke: Wand              |       |       |     1 ||     1
    Use: Potion            |       |     2 |     1 ||     3
         Scroll            |       |       |     2 ||     2
 Armour: Animal skin       |    11 |       |       ||    11
         Leather armour    |       |    11 |    16 ||    27
         Skin              |       |    11 |     4 ||    15
  Dodge: Dodged            |    73 |    37 |    44 ||   154
  Block: Other             |    28 |    23 |    14 ||    65
         Reflection        |     1 |     2 |       ||     3
   Form: Flux              |     3 |       |       ||     3
         Beast             |     2 |       |       ||     2

Table legend: (Time is in decaauts)
 A = Elapsed time spent in this place.
 B = Non-inter-level travel time spent in this place.
 C = Inter-level travel time spent in this place.
 D = Time resting spent in this place.
 E = Time spent auto-exploring this place.
 F = Levels seen in this place.
 G = Mean time per level.
                   A        B        C        D        E       F      G
               +--------+--------+--------+--------+--------+-----+--------+
         Total |   3356 |   3190 |    166 |    146 |   2097 |   5 |  671.2 |
       Dungeon |   3356 |   3190 |    166 |    146 |   2097 |   5 |  671.2 |
               +--------+--------+--------+--------+--------+-----+--------+

Top non-repeatable levels by time:
     D:4: 926 daAuts
     D:3: 907 daAuts
     D:1: 748 daAuts
     D:2: 740 daAuts
     D:5: 34 daAuts
